[Event "Early-Titled-Tuesday-Blitz-February-27-2024"]
[Site "Chess.com"]
[Date "2024.02.27"]
[Round "9"]
[White "HittingRookBottom"]
[Black "WiktoriaPOL"]
[Result "0-1"]
[WhiteElo "2026"]
[BlackElo "2255"]
[TimeControl "180+1"]
[EndTime "9:45:36 PST"]
[Termination "WiktoriaPOL won by checkmate"]

1. e4 c5 2. Nf3 d6 3. Bc4 Nf6 4. d3 e6 5. O-O Nc6 6. Nc3 Be7 7. Bg5 O-O 8. Re1 h6 9. Bh4 a6 10. a4 Nb4 11. h3 d5 12. exd5 exd5 13. Bb3 Be6 14. a5 Rc8 15. Ne2 Qc7 16. Bg3 Bd6 17.
c3 Nc6 18. d4 c4 19. Bc2 Bxg3 20. Nxg3 Nxa5 21. Ne5 Nc6 22. Qf3 Nxe5 23. dxe5 Nd7 24.
Qe3 Qc5 25. Rad1 Qxe3 26. Rxe3 g6 27. Ba4 Nc5 28. Bc2 Rc6 29. Ne2 Rb6 30. Nd4 Rd8 31. Rb1 Kg7 32. Rg3 Bc8 33. h4 Kf8 34. h5 g5 35. f4 gxf4 36. Rf3 Ne6 37. Nxe6+ Bxe6 38. Rxf4 Ke7 39. Rbf1 Rxb2 40. Bf5 Rg8 41. g4 Bxf5 42. Rxf5 Rxg4+ 43. Kh1 Rg7 44. Rf6 Rb3 45. R6f3 Rb2 46.
Rf6 Rbg2 47. R6f3 R2g5 48. Rh3 Rg3 49. Rxg3 Rxg3 50. Rf6 Rh3+ 51. Kg2 Rxh5 52. Kg3 Rxe5 53. Rxh6 Re3+ 54. Kf4 Rxc3 55. Rh5 Rd3 56. Rh1 b5 57. Ke5 c3 58. Ra1 c2 59. Rc1 Rd2 60. Kf4 b4 61. Ke3 Rh2 62. Kd4 b3 63. Kxd5 b2 64. Re1+ Kd7 65.
Rf1 c1=Q 66. Rxf7+ Ke8 67. Ra7 Rd2+ 68. Ke4 Qe1+ 69. Kf5 Rf2+ 70. Kg6 Qg1+ 71. Kh7 Rh2# 0-1

[Event "Early-Titled-Tuesday-Blitz-February-27-2024"]
[Site "Chess.com"]
[Date "2024.02.27"]
[Round "9"]
[White "Let_it_be_1"]
[Black "joshdaruca"]
[Result "0-1"]
[WhiteElo "2549"]
[BlackElo "2761"]
[TimeControl "180+1"]
[EndTime "9:45:38 PST"]
[Termination "joshdaruca won on time"]

1. e4 c5 2. Nf3 d6 3. d4 cxd4 4. Nxd4 Nf6 5. Nc3 g6 6. Be3 Bg7 7. f3 a6 8. Qd2 h5 9. a4 Nbd7 10. Bc4 Qc7 11. Bb3 Ne5 12. Qe2 Bd7 13. Bg5 Qc5 14. Be3 Qa5 15. O-O Rc8 16. h3 h4 17.
f4 Nc6 18. Rad1 Nh5 19. Nxc6 Bxc6 20. Qg4 Bd7 21. f5 gxf5 22. exf5 Be5 23. Nd5 Nf6 24. Nxf6+ Bxf6 25. Bd4 Bxd4+ 26. Rxd4 Qe5 27. Re4 Qf6 28. Rfe1 Kd8 29. Rxe7 Qxe7 30. Rxe7 Kxe7 31. Qg5+ Ke8 32. Qf6 Rf8 33. Qxd6 Rc6 34. Qb8+ Ke7 35. Qe5+ Kd8 36. f6 Re8 37. Qb8+ Bc8 38. Bxf7 Re1+ 39. Kh2 Rxf6 40. Bd5 Rff1 41. Qd6+ Bd7 42. g3 Rf2+ 43. Bg2 Ree2 44. Qd5 Kc7 45. Qxb7+ Kd8 46. gxh4 Rxc2 47. b3 Bc6 48. Qb8+ Kd7 49. Qa7+ Kd8 50. Qb6+ Kd7 51.
Qd4+ Kc8 52. Qg4+ Kb7 53. Qg8 Rxg2+ 0-1

[Event "Early-Titled-Tuesday-Blitz-February-27-2024"]
[Site "Chess.com"]
[Date "2024.02.27"]
[Round "9"]
[White "Chernov_Alexander_A"]
[Black "Viktor_Poddubnyi"]
[Result "0-1"]
[WhiteElo "2316"]
[BlackElo "2240"]
[TimeControl "180+1"]
[EndTime "9:45:40 PST"]
[Termination "Viktor_Poddubnyi won on time"]

1. d4 g6 2. e4 Bg7 3. c3 d6 4. Nf3 Nf6 5. Qc2 O-O 6. Bg5 c5 7. dxc5 dxc5 8. Nbd2 b6 9. Bc4 Bb7 10. O-O Nbd7 11. Rad1 Qc7 12. Rfe1 e5 13. a4 a6 14. Qb3 Bc6 15. h3 Qb7 16. Bd3 b5 17. axb5 axb5 18. Qc2 Rfe8 19. Nh2 c4 20. Bf1 Nc5 21.
f3 h5 22. Be3 Bf8 23. Be2 Ncd7 24. Ndf1 Rad8 25. Kh1 Nc5 26. Bg5 Be7 27. Ne3 Rxd1 28.
Rxd1 Rd8 29. Nhf1 Qc7 30. Bxf6 Bxf6 31. Nd5 Bxd5 32. exd5 Bg5 33. Ng3 Bf4 34. Ne4 Nxe4 35. fxe4 Qc5 36. Bf3 Ra8 37. d6 Rd8 38. d7 Qc7 39.
Qf2 Rxd7 40. g3 Rxd1+ 41. Bxd1 Bh6 42. Bf3 Qb7 43. Kg2 b4 44. cxb4 Qxb4 0-1

[Event "Early-Titled-Tuesday-Blitz-February-27-2024"]
[Site "Chess.com"]
[Date "2024.02.27"]
[Round "9"]
[White "Rogarcia1"]
[Black "LangesNasenhaar"]
[Result "1-0"]
[WhiteElo "2509"]
[BlackElo "2400"]
[TimeControl "180+1"]
[EndTime "9:45:42 PST"]
[Termination "Rogarcia1 won by resignation"]

1. e4 g6 2. d4 Bg7 3. Nc3 c6 4. Be3 d5 5. e5 f6 6. f4 Nh6 7. Nf3 Bg4 8. h3 Bxf3 9. Qxf3 O-O 10. exf6 exf6 11. g4 f5 12. O-O-O Nd7 13. Bd3 b5 14. Rdg1 Qe7 15. Kb1 b4 16. Na4 Rae8 17. Re1 Qd6 18.
g5 Nf7 19. h4 Nd8 20. h5 Re7 21. hxg6 hxg6 22. Qf2 Rfe8 23. Bd2 Rxe1+ 24. Rxe1 Rxe1+ 25.
Bxe1 Ne6 26. c3 Qxf4 27. Qxf4 Nxf4 28. Ba6 Ne6 29. Bc8 Ndf8 30. Nc5 bxc3 31. bxc3 Kf7 32. Nd7 Nxd7 33. Bxd7 Nd8 34. Bg3 Ke7 35. Bc8 Ne6 36. Bb8 a5 37. Kc2 Nxg5 38. Bc7 a4 39. Kd3 Ne6 40. Ba5 f4 41. Bb4+ Kf7 42. Bd7 Nd8 43. Bd6 g5 44. Ke2 Bf8 45. Be5 Ke7 46. Bf5 Ne6 47. Kf3 Bg7 48. Bxg7 Nxg7 49. Bc2 Nf5 50. Bxf5 a3 51. Kg4 Kf6 52. Bd3 c5 53. dxc5 Ke5 54. Kxg5 f3 55. Kg4 f2 56. Kf3 d4 57. cxd4+ Kxd4 58. c6 Kxd3 59. Kxf2 Kc2 60. c7 Kb2 61. c8=Q Kxa2 62. Qc1 1-0

[Event "Early-Titled-Tuesday-Blitz-February-27-2024"]
[Site "Chess.com"]
[Date "2024.02.27"]
[Round "9"]
[White "Kazancev_Valerij_M"]
[Black "bazar-wokzal"]
[Result "1-0"]
[WhiteElo "2415"]
[BlackElo "2625"]
[TimeControl "180+1"]
[EndTime "9:45:43 PST"]
[Termination "Kazancev_Valerij_M won on time"]

1. c4 e5 2. g3 h5 3. h4 Nf6 4.
Nc3 c6 5. d4 exd4 6. Qxd4 d5 7.
cxd5 cxd5 8. Bg5 Nc6 9. Bxf6 gxf6 10. Qxd5 Qxd5 11. Nxd5 Nb4 12. O-O-O Nxd5 13. Rxd5 Be6 14. Bg2 Rc8+ 15. Kb1 Bxd5 16. Bxd5 b6 17. Nf3 Bc5 18. e3 Ke7 19. a3 Rhd8 20. Be4 a5 21. Rc1 Ke6 22. Bb7 Rc7 23. Ba6 Rcd7 24. Be2 Ke7 25.
Rc4 Kf8 26. b4 axb4 27. axb4 Be7 28. Nd4 b5 29. Nxb5 Rd2 30. Rc2 Bxb4 31. Nd4 Rxc2 32. Kxc2 Be1 33. Bxh5 Bxf2 34. Nf5 Ke8 35. e4 Be1 36.
Kc1 Rd2 37. Bf3 Rf2 38. Bd1 Rg2 39. g4 Bd2+ 40. Kc2 Kf8 41. h5 Bf4+ 42. Kb3 Rd2 43. Bc2 1-0

[Event "Early-Titled-Tuesday-Blitz-February-27-2024"]
[Site "Chess.com"]
[Date "2024.02.27"]
[Round "9"]
[White "ketster"]
[Black "Atousa"]
[Result "1-0"]
[WhiteElo "2590"]
[BlackElo "2465"]
[TimeControl "180+1"]
[EndTime "9:45:45 PST"]
[Termination "ketster won by checkmate"]

1. d4 Nf6 2. c4 e6 3. Nc3 Bb4 4. g3 O-O 5. Bg2 d5 6. Nf3 Ne4 7. Qc2 c5 8. O-O Bxc3 9. bxc3 Nc6 10. a4 f5 11. Ba3 dxc4 12. Rad1 Qa5 13. dxc5 Qxc3 14. Qa2 Qb3 15. Qxb3 cxb3 16. Rd3 Rd8 17. Rxb3 Na5 18. Rd3 Rxd3 19. exd3 Nc3 20. Ne5 Nd5 21. Rb1 Nc6 22. Nc4 Rb8 23. Nd6 Na5 24. Rb5 b6 25.
cxb6 axb6 26. Bxd5 exd5 27. Nxc8 Rxc8 28. Rxb6 Rc3 29.
Bb4 Rc6 30. Bxa5 Rc1+ 31. Kg2 Ra1 32. Rb4 Kf7 33. Bb6 Ke6 34. a5 Kd6 35. Rb2 Kc6 36.
Rc2+ Kb5 37. Rc5+ Ka6 38. Rxd5 Ra3 39. Rd7 g6 40. h4 h5 41. d4 Rd3 42. d5 Kb5 43. Rd8 Ra3 44. d6 Kc6 45. Bc7 Rd3 46. Rg8 Kb7 47. Rxg6 Ka6 48. Rg5 f4 49. gxf4 Rd4 50. f5 Rxh4 51. d7 Rd4 52. d8=Q Rxd8 53. Bxd8 Kb7 54. f6 Kc8 55. f7 Kd7 56. f8=Q Ke6 57. Qe7# 1-0

[Event "Early-Titled-Tuesday-Blitz-February-27-2024"]
[Site "Chess.com"]
[Date "2024.02.27"]
[Round "9"]
[White "Witik"]
[Black "Juicy_Fork"]
[Result "1-0"]
[WhiteElo "2703"]
[BlackElo "2528"]
[TimeControl "180+1"]
[EndTime "9:45:48 PST"]
[Termination "Witik won by checkmate"]

1. d4 Nf6 2. Bf4 g6 3. Nf3 Bg7 4. e3 O-O 5. c4 d6 6. Nc3 c5 7. d5 Nh5 8. Bg5 h6 9. Bh4 g5 10. Nd2 Nf6 11. Bg3 e6 12. Bd3 exd5 13. cxd5 Bg4 14. Qc2 Nh5 15. Nc4 Nxg3 16. hxg3 Na6 17.
Bh7+ Kh8 18. Bf5 Nb4 19. Qb1 Bxf5 20. Qxf5 a6 21. Ne4 Kg8 22. O-O Qe7 23. Ncxd6 Rad8 24. a3 Nd3 25. Nc4 b5 26. Na5 Qe5 27. Qxe5 Bxe5 28. Nc6 Rxd5 29. Ne7+ Kg7 30. Nxd5 Nxb2 31. Nxc5 Nc4 32.
Ra2 Rd8 33. e4 Bd4 34. Nxa6 Re8 35. Re1 f5 36. Nac7 Re5 37. Rae2 Bc5 38. Nxb5 fxe4 39. Nbc3 e3 40. Nxe3 Nd6 41. Ng4 Rf5 42. Ne4 Bd4 43.
Nxd6 Rd5 44. Ne8+ Kg6 45. Re4 Kf5 46. Nc7 Rd6 47. Nb5 Rd5 48. Nxd4+ Kg6 49. Ne5+ Kh5 50. g4+ Kh4 51. Ndf3# 1-0

[Event "Early-Titled-Tuesday-Blitz-February-27-2024"]
[Site "Chess.com"]
[Date "2024.02.27"]
[Round "9"]
[White "Truequitos"]
[Black "Vse_po_kaify"]
[Result "0-1"]
[WhiteElo "2575"]
[BlackElo "2245"]
[TimeControl "180+1"]
[EndTime "9:45:49 PST"]
[Termination "Vse_po_kaify won on time"]

1. Nf3 c5 2. d4 cxd4 3. Qxd4 Nc6 4. Qh4 e5 5. Qxd8+ Kxd8 6. e4 Bb4+ 7. c3 Be7 8. Bb5 d6 9. O-O a6 10. Ba4 Be6 11. Rd1 Kc7 12. Be3 h6 13. h3 Nf6 14.
Bc2 Rhd8 15. Ne1 d5 16. exd5 Nxd5 17. Bd2 Nf4 18. Bxf4 exf4 19. Nd2 g5 20. f3 Bc5+ 21. Kh2 Be3 22. Ne4 Ne5 23. b3 f5 24. Nf6 g4 25.
fxg4 fxg4 26. hxg4 Bxg4 27. Nd5+ Kc6 28. Nxe3 fxe3 29.
Rd4 h5 30. Re4 Nf7 31. Rxe3 Rd2 32. Re7 Ng5 33. Re5 Nf3+ 34. Nxf3 Bxf3 35. Be4+ Kd6 36. Bxf3 Kxe5 37. Bxb7 Rg8 38. Re1+ Kd6 39. a4 a5 40. b4 axb4 41. cxb4 Rb8 42. Bf3 Rxb4 43. a5 Ra4 44. a6 h4 45. Bb7 Ra3 46. Kh1 h3 47. gxh3 Rxh3+ 48. Kg1 Ra3 49. Rb1 Kc7 50. Rc1+ Kb8 51. Rc8+ Ka7 52. Rc1 Raa2 53. Kh1 Rh2+ 54. Kg1 Rh6 55. Rd1 Ra5 56. Re1 Rg5+ 57. Kf2 Rf6+ 58.
Ke3 Re5+ 0-1

[Event "Early-Titled-Tuesday-Blitz-February-27-2024"]
[Site "Chess.com"]
[Date "2024.02.27"]
[Round "9"]
[White "Elsa167"]
[Black "DamianoLew95"]
[Result "1-0"]
[WhiteElo "2900"]
[BlackElo "2699"]
[TimeControl "180+1"]
[EndTime "9:45:50 PST"]
[Termination "Elsa167 won by checkmate"]

1. d4 Nf6 2. c4 e6 3. Nf3 b6 4. Bf4 Bb7 5. e3 Be7 6. h3 O-O 7.
Nc3 d5 8. cxd5 Nxd5 9. Nxd5 Bxd5 10. Bd3 c5 11. dxc5 Nd7 12. c6 Nc5 13. c7 Qc8 14. Rc1 Nxd3+ 15. Qxd3 Qb7 16. O-O Rac8 17. Rfd1 Bf6 18.
Bd6 Rfe8 19. b3 h6 20. Qe2 Be7 21. Bg3 Ba3 22. Rc2 Be4 23. Rcd2 Be7 24. Ne1 f6 25. f3 Bc6 26. Qc4 Bd5 27. Qg4 f5 28. Qg6 Bf6 29.
Nd3 Re7 30. Nf4 Rcxc7 31. Nxd5 exd5 32. Bxc7 Qxc7 33. Rxd5 Rf7 34. Qxf5 Qe7 35. Qe4 Qxe4 36. fxe4 Re7 37. Rd6 Rxe4 38. Kf2 Re5 39. R1d3 Ra5 40. a4 Kf7 41. Kf3 Ke7 42. Rd7+ Ke6 43. Rb7 Be5 44. e4 h5 45. Rd5 Ra6 46. g4 hxg4+ 47. hxg4 Bf6 48.
Kf4 b5 49. axb5 Ra3 50. g5 Bc3 51. b6 axb6 52. Rxb6+ Ke7 53. Rc5 Bd4 54. Rb7+ Ke6 55. Rc6# 1-0

[Event "Early-Titled-Tuesday-Blitz-February-27-2024"]
[Site "Chess.com"]
[Date "2024.02.27"]
[Round "9"]
[White "claudyna16"]
[Black "RantomOpening"]
[Result "1-0"]
[WhiteElo "2486"]
[BlackElo "2570"]
[TimeControl "180+1"]
[EndTime "9:45:51 PST"]
[Termination "claudyna16 won by checkmate"]

1. c4 e6 2. g3 d5 3. Bg2 Nf6 4. Nf3 Be7 5. O-O c6 6. b3 O-O 7. Bb2 Nbd7 8. d4 b6 9. Nbd2 Bb7 10.
Qc2 c5 11. Rac1 Rc8 12. Rfd1 cxd4 13. Nxd4 a6 14. Qb1 Bc5 15. a3 a5 16. Nb5 Qe7 17.
e3 Bc6 18. Na7 Rc7 19. Nxc6 Rxc6 20. cxd5 exd5 21. b4 Rfc8 22. bxc5 bxc5 23. Nf3 c4 24. Qa1 Nc5 25. Nd4 Rb6 26. Bc3 Nd3 27. Rb1 Rcb8 28.
Bxa5 Rxb1 29. Rxb1 Ra8 30. Qc3 Ng4 31. Nf5 Qg5 32. e4 Ngxf2 33. h4 Qg4 34. Bf3 Nxe4 35. Bxg4 Nxc3 36. Bxc3 h5 37. Bxh5 g6 38. Ne7+ Kf8 39.
Nxd5 gxh5 40. Ne3 Rxa3 41. Bf6 Rb3 42. Ra1 Ke8 43. Nxc4 Nc5 44. Ne5 Rb8 45. g4 hxg4 46. h5 Ne4 47. Bg7 f6 48. Nc6 Rc8 49. h6 Ng5 50.
Nd4 Kf7 51. Ra7+ Kg6 52. Kg2 Rc4 53. Ne2 Rc2 54. Kf1 Nf7 55. Ra6 Kh7 56. Rxf6 Ng5 57. Nf4 Ne4 58. Rf8 Rf2+ 59. Ke1 Rxf4 60. Rxf4 Ng5 61.
Rxg4 Nf3+ 62. Kf2 Nd2 63. Rd4 Nb3 64. Rd8 Nc5 65. Rh8+ Kg6 66. Bd4 Ne6 67. Ke3 Nc7 68. h7 Nd5+ 69. Ke4 Nc7 70. Rc8 Ne6 71. h8=Q Ng5+ 72. Kd3 Kf5 73. Rg8 Kg4 74. Rxg5+ Kf4 75. Qf6# 1-0

[Event "Early-Titled-Tuesday-Blitz-February-27-2024"]
[Site "Chess.com"]
[Date "2024.02.27"]
[Round "9"]
[White "AlexeiShirov"]
[Black "FontVella8"]
[Result "1-0"]
[WhiteElo "2866"]
[BlackElo "2703"]
[TimeControl "180+1"]
[EndTime "9:45:52 PST"]
[Termination "AlexeiShirov won on time"]

1. e4 c6 2. d4 d5 3. e5 Bf5 4. h4 h5 5. Bd3 Bxd3 6. Qxd3 Qa5+ 7. Nd2 e6 8. Nf3 Nh6 9. O-O Nf5 10. Nb3 Qa6 11.
Qd1 Nd7 12. Bg5 c5 13. a4 Rc8 14. c3 Qb6 15. a5 Qb5 16. a6 b6 17. Ra2 Be7 18. g3 Nb8 19. dxc5 bxc5 20. Bxe7 Kxe7 21. Ra5 Qb6 22. Ra3 Rc6 23. Qd2 Nd7 24. Qg5+ Ke8 25. Rfa1 Qb5 26. c4 dxc4 27. Nbd2 Qb8 28. Nxc4 Qd8 29.
Rb3 Qxg5 30. Nxg5 f6 31. Ne4 Kd8 32. Rb7 Rc7 33. exf6 gxf6 34. Na5 Nd4 35. Kg2 Rh7 36.
Nd6 Ne5 37. Re1 Rhd7 38. Ndc4 Nxc4 39. Rb8+ Ke7 40. Nxc4 f5 41. Ne5 Rd5 42. Rh8 Kd6 43. Nc4+ Kc6 44. Rxh5 Kb5 45. Ne3 Re5 46. Rg5 Kxa6 47. h5 Re4 48. h6 c4 49. Rh5 Rc8 50.
h7 Rh8 51. f3 Re5 52. Kf2 Nb3 53. Nxc4 Rxe1 54. Kxe1 Nc5 55. Ne5 1-0

[Event "Early-Titled-Tuesday-Blitz-February-27-2024"]
[Site "Chess.com"]
[Date "2024.02.27"]
[Round "9"]
[White "Zampronha1971"]
[Black "DeArron_Fox"]
[Result "0-1"]
[WhiteElo "2349"]
[BlackElo "2511"]
[TimeControl "180+1"]
[EndTime "9:45:53 PST"]
[Termination "DeArron_Fox won by resignation"]

1. e4 c5 2. Nf3 e6 3. d4 cxd4 4. Nxd4 a6 5. Nc3 b5 6. Bd3 Bb7 7. O-O Nc6 8. Nxc6 Bxc6 9. Qe2 Bc5 10. Be3 Bxe3 11. Qxe3 Ne7 12. Qg3 O-O 13. Rad1 b4 14. Ne2 Qa5 15. Ra1 Bb5 16. Qd6 Nc6 17. Bxb5 Qxb5 18.
Nd4 Nxd4 19. Qxd4 Rac8 20. Rfc1 Rc4 21. Qd3 Rfc8 22. c3 bxc3 23. bxc3 h6 24. g3 Qc6 25.
Rd1 Rxc3 26. Qxd7 Qxe4 27. Rd2 R3c7 28. Qd6 Qf3 29. Rad1 Rc1 30. h3 R8c2 31. Qd8+ Kh7 32. Qd3+ Qxd3 33. Rxd3 Rxd1+ 34. Rxd1 Rxa2 35. Rd7 Kg6 36.
Ra7 a5 37. Kg2 a4 38. Ra6 Kf6 39. h4 a3 40. Ra7 Ra1 41. Ra6 a2 42. Ra7 Ke5 43.
Ra8 g5 44. hxg5 hxg5 45. Ra5+ Kd4 46. Ra8 f5 47. Ra4+ Kc5 48. Ra8 e5 49. Rc8+ Kb6 50.
Ra8 e4 51. Ra3 f4 52. gxf4 gxf4 53. Ra8 e3 54. fxe3 fxe3 55. Ra3 e2 56. Kf2 e1=Q+ 0-1

[Event "Early-Titled-Tuesday-Blitz-February-27-2024"]
[Site "Chess.com"]
[Date "2024.02.27"]
[Round "9"]
[White "abelmat"]
[Black "JAN2404"]
[Result "0-1"]
[WhiteElo "2064"]
[BlackElo "1971"]
[TimeControl "180+1"]
[EndTime "9:45:53 PST"]
[Termination "JAN2404 won on time"]

1. d4 Nf6 2. c4 g6 3. Nc3 Bg7 4. e4 d6 5. f3 O-O 6. Be3 Nbd7 7. Nge2 c5 8. Qd2 a6 9. O-O-O Qc7 10.
Kb1 Rb8 11. g4 b5 12. Bh6 bxc4 13. Bxg7 Kxg7 14. Ng3 cxd4 15. Qxd4 Ne5 16. g5 Nfd7 17. f4 Qb6 18. Qxb6 Nxb6 19. fxe5 dxe5 20. Be2 Bh3 21.
Rd2 Rb7 22. Rhd1 Rfb8 23. Ka1 a5 24. Nd5 Na4 25. Bxc4 Nxb2 26. Ba6 Nxd1 27. Bxb7 Nc3 28. Nxc3 Rxb7 29. Rb2 Rc7 30. Rc2 f5 31. exf5 Bxf5 32. Nxf5+ gxf5 33. Kb2 e4 34. Nd5 Rd7 35. Rc5 Kg6 36.
h4 Kh5 37. Nf4+ Kg4 38. Ne2 Kf3 39. Rc2 f4 40. Nc3 e3 41. a4 Kg3 42. h5 Rb7+ 43. Kc1 Rd7 44. g6 hxg6 45. hxg6 e5 46. Ne4+ Kf3 47.
Nc5 Rd4 0-1

[Event "Early-Titled-Tuesday-Blitz-February-27-2024"]
[Site "Chess.com"]
[Date "2024.02.27"]
[Round "9"]
[White "Doublekk14"]
[Black "noblerone"]
[Result "1-0"]
[WhiteElo "2325"]
[BlackElo "2485"]
[TimeControl "180+1"]
[EndTime "9:45:54 PST"]
[Termination "Doublekk14 won by resignation"]

1. c4 c6 2. e4 d5 3. exd5 cxd5 4. d4 Nf6 5. Nc3 e6 6. Nf3 Be7 7. c5 O-O 8. Bd3 a5 9. h3 b6 10. cxb6 Qxb6 11. O-O Ba6 12. Na4 Qa7 13. Be3 Nbd7 14. Ne5 Rfc8 15. Qe2 Bxd3 16. Qxd3 Qb7 17. b3 Nxe5 18.
dxe5 Ne4 19. Rac1 Ba3 20. Rxc8+ Rxc8 21. Bd4 h6 22. Kh2 Qc6 23. f3 Ng5 24. h4 Nh7 25. f4 Qc2 26. Rf3 Qxa2 27. f5 Nf8 28. f6 Qc2 29.
fxg7 Ng6 30. Qf1 Qc7 31. Nb6 Rb8 32. h5 Nxe5 33. Rg3 Nf3+ 34. Qxf3 Bd6 35. Bf2 Rxb6 36.
Kh3 Bxg3 37. Bxb6 Qe5 38. Qg4 Bf2 39. Qf3 Qe1 40. Bxf2 Qe5 41. Bg3 Qg5 42. Qg4 Qe5 43. Bh4 Qc3+ 44. Bg3 Qxg7 45. Qxg7+ Kxg7 46. Be5+ f6 47. Bd4 Kf7 48. Bf2 e5 49. Kg4 Ke6 50. Kf3 f5 51. Be3 d4 52. Bxh6 f4 53. Bxf4 exf4 54. Kxf4 Kd5 55. h6 d3 56. Ke3 1-0

[Event "Early-Titled-Tuesday-Blitz-February-27-2024"]
[Site "Chess.com"]
[Date "2024.02.27"]
[Round "9"]
[White "Chessdude1987"]
[Black "aistrel"]
[Result "1/2-1/2"]
[WhiteElo "2375"]
[BlackElo "2537"]
[TimeControl "180+1"]
[EndTime "9:45:55 PST"]
[Termination "Game drawn - insufficient material"]

1. e4 c6 2. d4 d5 3. exd5 cxd5 4. c4 Nf6 5. Nc3 Nc6 6. Nf3 Bg4 7. cxd5 Nxd5 8.
Qb3 Bxf3 9. gxf3 e6 10. Qxb7 Nxd4 11. Bb5+ Nxb5 12. Qc6+ Ke7 13. Qxb5 Nxc3 14. bxc3 Qd5 15.
Bg5+ f6 16. Qxd5 exd5 17. Be3 Ke6 18. Rb1 Ba3 19. Rb3 Rhb8 20. Kd2 Bd6 21. h3 a5 22.
Rhb1 a4 23. Rb6 Rxb6 24. Rxb6 g5 25. Bc5 Rd8 26. Ra6 Ke5 27. Bxd6+ Rxd6 28. Rxa4 f5 29. Kd3 f4 30. Ra5 Ke6 31. Kd4 h6 32. a4 Rb6 33.
Rxd5 Rb2 34. Rb5 Rxf2 35. Rb6+ Kf5 36. Rxh6 Rxf3 37. a5 Rf1 38. a6 Rd1+ 39. Kc5 f3 40. Rh8 Ra1 41. Kb6 Kf4 42. a7 Kg3 43. a8=Q Rxa8 44.
Rxa8 Kxh3 45. c4 g4 46. c5 f2 47. Ra1 g3 48. c6 g2 49. c7 g1=Q 50. c8=Q+ Kh2 51.
Qh8+ Kg2 52. Qg7+ Kh2 53. Qh6+ Kg2 54. Qg5+ Kh2 55. Qh4+ Kg2 56. Qg4+ Kh2 57. Qf4+ Kg2 58. Qe4+ Kg3 59. Qe3+ Kh2 60. Qf4+ Kg2 61. Qg4+ Kh2 62. Rxg1 fxg1=Q+ 63.
Qxg1+ Kxg1 1/2-1/2

[Event "Early-Titled-Tuesday-Blitz-February-27-2024"]
[Site "Chess.com"]
[Date "2024.02.27"]
[Round "9"]
[White "DumbKing75"]
[Black "GMKrikor"]
[Result "1-0"]
[WhiteElo "2655"]
[BlackElo "2894"]
[TimeControl "180+1"]
[EndTime "9:45:56 PST"]
[Termination "DumbKing75 won on time"]

1. e4 c5 2. Nf3 Nc6 3. Bb5 Nf6 4. Nc3 Qc7 5. O-O Nd4 6. Re1 a6 7. Bf1 e5 8. d3 d6 9. Bg5 Be7 10. Bxf6 Bxf6 11. Nd5 Qd8 12. c3 Nc6 13. Nd2 O-O 14. Nc4 Rb8 15. Nce3 b5 16. g3 g6 17. Nxf6+ Qxf6 18. Nd5 Qd8 19. a4 b4 20. Qd2 Kg7 21.
h4 h5 22. Kh2 a5 23. Bh3 Be6 24. Ne3 Qf6 25. Rh1 Ne7 26. Kg2 d5 27. Raf1 Rfd8 28. Qe2 d4 29. cxd4 cxd4 30. Bxe6 dxe3 31. Bc4 Rf8 32.
fxe3 Qd6 33. Rf3 Nc8 34. Rhf1 f6 35. b3 Nb6 36. Bb5 Rbc8 37. Bc4 Nd7 38. Qb2 Nc5 39.
d4 Nxe4 40. dxe5 Qd2+ 41. Qxd2 Nxd2 42. exf6+ Kh6 43. Rf4 Nxf1 44. Kxf1 Rc5 45. e4 g5 46. hxg5+ Kxg5 47. f7 Re5 48. Kf2 Rc5 49. Kf3 Rxc4 50. bxc4 b3 51. Rf5+ Kg6 52. Ke3 1-0

[Event "Early-Titled-Tuesday-Blitz-February-27-2024"]
[Site "Chess.com"]
[Date "2024.02.27"]
[Round "9"]
[White "Cambek64"]
[Black "Pikku_Myy73"]
[Result "1-0"]
[WhiteElo "2499"]
[BlackElo "2292"]
[TimeControl "180+1"]
[EndTime "9:45:57 PST"]
[Termination "Cambek64 won by resignation"]

1. e4 e6 2. d4 d5 3. Nd2 c5 4. exd5 Qxd5 5. Ngf3 cxd4 6. Bc4 Qd8 7. Nb3 Nc6 8.
Nbxd4 Nxd4 9. Qxd4 Qxd4 10. Nxd4 Bd7 11. Nb5 Rc8 12. Bd3 a6 13. Nd4 Nf6 14. f3 Nd5 15. Bd2 Bc5 16. Nb3 Be3 17. O-O-O Bxd2+ 18. Rxd2 Nb4 19. Kb1 Nxd3 20. Rxd3 Bb5 21. Rd2 Ke7 22. Rhd1 Rhd8 23.
Nd4 Bd7 24. b3 e5 25. Re1 Kf6 26. Ne2 Bf5 27. Rxd8 Rxd8 28. Kc1 Rc8 29. c3 b5 30. Rd1 Rc6 31. Kb2 a5 32. a3 Ke6 33. Ng3 Bg6 34.
Nf1 Rd6 35. Rxd6+ Kxd6 36. Ne3 f6 37. c4 Kc5 38. Kc3 Bf7 39. b4+ axb4+ 40. axb4+ Kc6 41. cxb5+ Kxb5 42. Nf5 Bd5 43. Nxg7 e4 44. fxe4 Bxe4 45.
g3 Bg6 46. Ne6 Bf7 47. Nd4+ Kb6 48. Kd3 Bd5 49. Ke3 Kc7 50. Kf4 Kd6 51. h4 Ke7 52. g4 Kf7 53. b5 Bc4 54. b6 Bd5 55.
Nb5 Ke6 56. Nc7+ 1-0

[Event "Early-Titled-Tuesday-Blitz-February-27-2024"]
[Site "Chess.com"]
[Date "2024.02.27"]
[Round "9"]
[White "Sina_Movahed"]
[Black "FairChess_on_YouTube"]
[Result "0-1"]
[WhiteElo "2957"]
[BlackElo "3107"]
[TimeControl "180+1"]
[EndTime "9:45:59 PST"]
[Termination "FairChess_on_YouTube won by checkmate"]

1. e4 c5 2. Nf3 e6 3. d4 cxd4 4.
Nxd4 a6 5. Bd3 Bc5 6. Nb3 Ba7 7. Nc3 Nc6 8. Qe2 Nge7 9. Be3 O-O 10. O-O-O b5 11. Bxa7 Rxa7 12. e5 b4 13. Na4 Qc7 14.
Rhe1 Nd5 15. g3 Nce7 16. Qe4 g6 17. Qd4 Nc6 18. Qe4 Nce7 19. Qh4 Bb7 20. Nac5 a5 21. Ne4 Nf5 22. Qg5 a4 23. Nbc5 a3 24. b3 Qxe5 25.
Nxd7 Qb2+ 26. Kd2 Rc8 27. Ke2 Ba6 28. Ndf6+ Kg7 29. Nh5+ Kf8 30. Kf1 gxh5 31. Bxa6 Rxa6 32. Rxd5 exd5 33. Qxf5 Qxc2 34. Qe5 Re6 35. Qxd5 Rce8 36. f3 Qxa2 37. Qd4 Qxb3 38. Qh8+ Ke7 39. Qd4 Qxf3+ 40.
Kg1 Rd8 41. Qc5+ Ke8 42. Qb5+ Kf8 43. Qc5+ Ke8 44. Qb5+ Kf8 45. Qc5+ Re7 46. Ng5 Qb7 47. Nxh7+ Kg7 48. Rxe7 Qd5 49. Qf2 Qd1+ 50. Kg2 Qd5+ 51. Kh3 Rd7 52. Rxd7 Qxd7+ 53. Kh4 Qg4# 0-1

[Event "Early-Titled-Tuesday-Blitz-February-27-2024"]
[Site "Chess.com"]
[Date "2024.02.27"]
[Round "9"]
[White "Fandorine"]
[Black "averageFM"]
[Result "0-1"]
[WhiteElo "2875"]
[BlackElo "2648"]
[TimeControl "180+1"]
[EndTime "9:45:59 PST"]
[Termination "averageFM won by resignation"]

1. e4 e5 2. Nf3 Nc6 3. Bc4 Nf6 4. d3 d5 5. exd5 Nxd5 6. O-O Bc5 7. h3 O-O 8. Re1 f6 9. a4 Be6 10. a5 a6 11. Nc3 Bf7 12. Bd2 Nd4 13. Ne4 Nxf3+ 14. Qxf3 Be7 15. Ng3 c6 16. Nf5 Kh8 17. Qg3 g6 18. Nxe7 Nxe7 19. Bxf7 Nf5 20. Qg4 Rxf7 21. Bc3 Qd5 22. f4 h5 23. Qf3 Qxf3 24. gxf3 exf4 25. Re6 Kg7 26. Kf2 Ne3 27. h4 Nxc2 28. Ra4 Ne3 29. Rxf4 Nd5 30. Rfe4 Nxc3 31. bxc3 Rd8 32. Ke3 Rd5 33. Ra4 g5 34. Re8 gxh4 35. Rxh4 Rxa5 36. d4 Rg5 37. Rh1 a5 38. Ra8 Re7+ 39. Kf4 Rb5 40. Rg1+ Kf7 41. Rag8 Ke6 42. Rd8 Rf5+ 43. Ke3 Kf7+ 44.
Kf2 Rg5 45. Rh1 a4 46. Rh4 b5 47. Ra8 Ke6 48. Re4+ Kd6 49. Rf4 Kd5 50. Rd8+ Kc4 51.
d5+ Kxc3 52. dxc6 a3 53. Rd7 Rxd7 54. cxd7 Rd5 55. Rf5 Rxd7 56. Rxb5 a2 0-1

[Event "Early-Titled-Tuesday-Blitz-February-27-2024"]
[Site "Chess.com"]
[Date "2024.02.27"]
[Round "9"]
[White "EsmeraldasAnderson03"]
[Black "PabloZarnicki"]
[Result "1-0"]
[WhiteElo "2511"]
[BlackElo "2617"]
[TimeControl "180+1"]
[EndTime "9:45:59 PST"]
[Termination "EsmeraldasAnderson03 won on time"]

1. d4 Nf6 2. c4 g6 3. Nc3 Bg7 4. e4 d6 5. Be2 O-O 6. Be3 e5 7. d5 c6 8. g4 cxd5 9. cxd5 a6 10. h4 Qa5 11. f3 b5 12. h5 b4 13. Nb1 Nbd7 14. Nd2 Nc5 15. Nc4 Qc7 16. Rc1 Nfd7 17.
Qd2 a5 18. Bh6 Nf6 19. Bxg7 Kxg7 20. hxg6 fxg6 21. Qh6+ Kg8 22. Nh3 Ba6 23. Ng5 Bxc4 24. Rxc4 Qg7 25. Qxg7+ Kxg7 26. O-O Nfd7 27. Ne6+ Nxe6 28.
dxe6 Nc5 29. Rd1 Nxe6 30. Rxd6 Nd4 31. Kf2 Rf7 32. Rd5 Raf8 33. Ke3 Nxe2 34. Kxe2 Rxf3 35. Rxe5 Rf2+ 36. Ke3 R8f3+ 37. Kd4 Rd2+ 38. Kc5 Rxb2 39. g5 Rxa2 40. Kb6 b3 41. Rxa5 b2 42. Rb5 Rf7 43.
Rcb4 Re7 44. e5 h6 45. gxh6+ Kxh6 46. Kc6 Ra6+ 47. Kd5 Rae6 48. Re4 Kg5 49. Rxb2 Kf5 50. Rf2+ Kg5 51. Rf8 Kh6 52. Rf6 Rxf6 53. exf6 Rxe4 54. Kxe4 g5 55. Kf5 g4 56. Ke6 g3 57. f7 g2 58.
f8=Q+ Kh5 59. Qf2 g1=Q 60. Qxg1 Kh4 61. Kf5 1-0